AoeStats
← TheBoogeyman

African Clearing

510488980Analyzed
2v2 RM · 23h ago on Oct 1, 2026· 28m 47s· 4 players
Game mode
Random Map
Map size
Medium (4 player)
Population
200
Speed
Normal
Resources
Standard
Victory
Conquest
Starting age
Dark Age
Ending age
Imperial Age
RankedLock teamsTeams togetherTeam positionsShared explorationLock speedFull tech treeHidden civsTurbo modeCheats
Victory
Defeat
🇨🇦 Spanish · Canada
1526
+14
🇩🇪 Mongols · Germany
1406
+18
🇭🇰 Mongols · Hong Kong SAR China
1494
-17
🇭🇰 Vietnamese · Hong Kong SAR China
1442
-15
Alanlam9284
6:20 Loom
12:29 Feudal Age
13:23 Double-Bit Axe
20:32 Castle Age
19:32 Gold Mining
20:38 Light Cavalry
Vicky
5:54 Loom
13:41 Feudal Age
14:21 Double-Bit Axe
17:53 Wheelbarrow
20:43 Town Watch
21:56 Horse Collar
27:04 Castle Age
26:34 Fletching
27:43 Bloodlines
28:33 Bodkin Arrow
TheBoogeyman
8:58 Loom
12:05 Feudal Age
15:41 Castle Age
15:53 Double-Bit Axe
15:52 Horse Collar
25:43 Padded Archer Armor
28:16 Leather Archer Armor
aswjegk
9:47 Feudal Age
11:20 Double-Bit Axe
13:31 Scale Barding Armor
15:06 Bloodlines
16:38 Loom
20:23 Castle Age
18:58 Horse Collar
20:59 Light Cavalry
21:57 Bow Saw
24:14 Heavy Plow
26:28 Husbandry
28:12 Wheelbarrow
28:13 Chain Barding Armor
28:01 Town Watch
Connection lost

Rejoining the realm…

Still unreachable

The connection could not be restored.

Session expired

The server has moved on; the page needs a fresh start.